 Dungeon Crawl Stone Soup version 0.27-a0-1219-g958d993ae5 (webtiles) character file.

Game seed: 2972111252600829796

51 freelancePsychic the Skirmisher (level 3, 0/34 HPs)
             Began as a Ghoul Monk on June 6, 2021.
             Was a Follower of Ashenzari.
             Slain by Sigmund
             ... wielding a +0 scythe
              (6 damage)
             ... on level 2 of the Dungeon.
             The game lasted 00:03:28 (1604 turns).

freelancePsychic the Skirmisher (Ghoul Monk)        Turns: 1604, Time: 00:03:29

Health: 0/34       AC:  6    Str: 15    XL:     3   Next: 81%
Magic:  2/2        EV:  9    Int:  5    God:    Ashenzari [*.....]
Gold:   37         SH:  0    Dex: 11    Spells: 2/2 levels left

rFire    . . .     SeeInvis .   b - +0 dagger of the Chained Augurer {speed, Comp, Fort} (curse)
rCold    + . .     Faith    .   (no shield)
rNeg     + + +     Spirit   .   c - +0 scale mail of Ashenzari's Seeker {Elem, Melee} (curse)
rPois    ∞         Reflect  .   (no helmet)
rElec    .         Harm     .   (no cloak)
rCorr    .         Rampage  .   (no gloves)
Will     .....                  (no boots)
Stlth    ..........             (no amulet)
HPRegen  0.00/turn              (no ring)
MPRegen  0.08/turn              (no ring)

@: no status effects
A: claws 1, cold resistance 1, negative energy resistance 3, inhibited
regeneration, torment resistance 2
a: Renounce Religion, Curse Item, Shatter the Chains


You were on level 2 of the Dungeon.
You worshipped Ashenzari.
Ashenzari was aware of your devotion.
You visited 1 branch of the dungeon, and saw 2 of its levels.

You collected 37 gold pieces.

Inventory:

Hand Weapons
 b - the cursed +0 dagger of the Chained Augurer (weapon) {speed, Comp, Fort}
   (You took it off a kobold on level 1 of the Dungeon)

   Attacks with this weapon are significantly faster.
   It has a curse which improves the following skills: Companions: Summonings
   and Necromancy.
   Fortitude: Armour and Shields.
Armour
 a - a +0 robe
 c - the cursed +0 scale mail of Ashenzari's Seeker (worn) {Elem, Melee}
   (You found it on level 1 of the Dungeon)

   It has a curse which improves the following skills: Elements: Fire Magic, Ice
   Magic, Air Magic and Earth Magic.
   Melee Combat: Short Blades, Long Blades, Axes, Maces & Flails, Polearms,
   Staves and Unarmed Combat.
Scrolls
 d - a scroll of teleportation {@r4}
 g - a scroll of enchant weapon
Potions
 f - a potion of curing {@q1}


   Skills:
 + Level 4.4 Fighting
 - Level 2.6 Dodging
 - Level 2.1 Stealth
 - Level 4.1(5.1) Unarmed Combat


You had 2 spell levels left.
You didn't know any spells.
Your spell library was empty.

Dungeon Overview and Level Annotations

Branches:
Dungeon (2/15)

Altars:
Ashenzari

Annotations:
D:2 Sigmund


Innate Abilities, Weirdness & Mutations

You thrive by killing the living.
You are immune to poison.
You have sharp fingernails.
Your flesh is cold resistant. (rC+)
You are immune to negative energy. (rN+++)
You do not regenerate when monsters are visible.
You are immune to unholy pain and torment.


Message History

Sigmund is lightly wounded.
Sigmund hits you with a +0 scythe.
You hit Sigmund.
Sigmund is lightly wounded.
You hit Sigmund but do no damage.
Sigmund is lightly wounded.
Sigmund closely misses you.
You hit Sigmund.
Sigmund is moderately wounded.
Sigmund hits you with a +0 scythe.
You hit Sigmund.
Sigmund is moderately wounded.
Your cursed scale mail of Ashenzari's Seeker prevents you from hitting Sigmund.
Sigmund is moderately wounded.
Sigmund hits you with a +0 scythe.
You hit Sigmund.
Sigmund is moderately wounded.
Sigmund hits you with a +0 scythe!
You barely miss Sigmund.
Sigmund is moderately wounded.
Sigmund points at you and mumbles some strange words.
The puff of flame hits you!
You hit Sigmund but do no damage.
Sigmund is moderately wounded.
As you read the scroll of fear, it crumbles to dust.
You assume a fearsome visage.
Sigmund looks frightened!
Sigmund gestures wildly while chanting.
Sigmund flickers and vanishes!
Deactivating autopickup; reactivate with Ctrl-A.
You open the door.
There is an open door here.
Something hits you.
* * * LOW HITPOINT WARNING * * *
You miss something. You claw something!
You hear some strange, mumbled words.
A magic dart appears from out of thin air!
The magic dart hits you.
* * * LOW HITPOINT WARNING * * *
You closely miss something. Something hits you.
You die...

##.#####.......#
#........####)#
#.######## #.# ##'## #.#
#######...## #.# .
...##.....## ###.# .#
#.#.......## ##.#.#
..###..........####....#
...............'@{.....#
..##..........####....#
#.##.#.......## ##.#.#
##.##.##.....## ###.#
......###...## #..#
##.#######+## #.##
##.#.....#.# #.#
.......#.#.# #<#
##.#.#.#.#.## #.#


There were no monsters in sight!

Vanquished Creatures
  A dart slug (D:1)
  4 ball pythons (D:1)
  An endoplasm (D:1)
  A giant cockroach (D:1)
  9 goblins
  12 jackals (D:1)
  3 kobolds (D:1)
  2 quokkas (D:1)
  2 bats (D:1)
  2 frilled lizards (D:1)
  2 rats (D:2)
39 creatures vanquished.

Notes
Turn   | Place    | Note
-------+----------+-------------------------------------------
     0 | D:1      | freelancePsychic the Ghoul Monk began the quest for the
                  | Orb.
     0 | D:1      | Reached XP level 1. HP: 19/19 MP: 0/0
   206 | D:1      | Reached XP level 2. HP: 21/26 MP: 1/1
   439 | D:1      | Reached XP level 3. HP: 19/33 MP: 2/2
   574 | D:1      | Found a faded altar of an unknown god.
   582 | D:1      | Became a worshipper of Ashenzari the Shackled
  1290 | D:1      | Reached * piety under Ashenzari
  1562 | D:2      | Noticed Sigmund
  1604 | D:2      | Slain by Sigmund

Illustrated notes

Levels and vault maps discovered:
D:1:      erik_arrival_triangle_small, layout_basic,
          shapermc_ecumenical_altar_flowoftime
D:2:      layout_loops_corners, basic_altar, uniq_sigmund

Skill      XL: |  1  2  3 |
---------------+----------+-----
Unarmed Combat | 4 |  4.1
Fighting       | 4 |  4.4
Dodging        | |  2.6
Stealth        | |  2.1

Action                   || total
-------------------------++-------
Melee: Unarmed           ||    73
       Punch             ||     3
       Dagger            ||   110
Invok: Curse Item        ||     2
  Use: Scroll            ||     2
Armor: Robe              ||     7
       Scale mail        ||    43
Dodge: Dodged            ||    94

Table legend: (Time is in decaauts)
 A = Elapsed time spent in this place.
 B = Non-inter-level travel time spent in this place.
 C = Inter-level travel time spent in this place.
 D = Time resting spent in this place.
 E = Time spent auto-exploring this place.
 F = Levels seen in this place.
 G = Mean time per level.
                   A        B        C        D        E       F      G
               +--------+--------+--------+--------+--------+-----+--------+
         Total |   1561 |   1505 |     56 |     14 |   1160 |   2 |  780.5 |
       Dungeon |   1561 |   1505 |     56 |     14 |   1160 |   2 |  780.5 |
               +--------+--------+--------+--------+--------+-----+--------+

Top non-repeatable levels by time:
     D:1: 1412 daAuts
     D:2: 149 daAuts
